Map: Frost LE

Players

ObiWanPwnobi

  • Race: Protoss Protoss
  • League: Diamond

llllllllllll - Winner!

  • Race: Protoss Protoss
  • League: Diamond

VOD

Have the link to the VOD?

Description

Time

  • Played on: Oct. 2, 2016, 3:40 p.m.
  • Length: 17:09
Show
View Real Time Build Order
Export as new Build Order

ObiWanPwnobi Protoss 

Build Orders:  

Get SALT Encoding   

  12  0:01  Probe (Chrono Boost)  
  13  0:11  Probe (Chrono Boost)  
  14  0:21  Pylon  
  14  0:22  Probe (Chrono Boost)  
  15  0:40  Gateway, Probe (Chrono Boost)  
  16  0:49  Assimilator  
  16  0:50  Probe (Chrono Boost)  
  17  1:01  Probe (Chrono Boost)  
  18  1:08  Assimilator  
  19  1:11  Probe (Chrono Boost)  
  19  1:12  Gateway  
  19  1:22  Probe (Chrono Boost)  
  20  1:27  Cybernetics Core  
  20  1:32  Probe (Chrono Boost)  
  21  1:40  Pylon  
  21  1:43  Probe (Chrono Boost)  
  22  1:53  Probe (Chrono Boost)  
  23  2:04  Probe (Chrono Boost), Warp Gate  
  23  2:07  Stalker  
  23  2:08  Stalker  
  28  2:27  Mothership Core (Chrono Boost)  
  30  2:50  Nexus  
  30  2:58  Pylon  
  30  3:11  Stalker  
  31  3:16  Adept, Robotics Facility  
  33  3:22  Pylon  
  33  3:33  Probe (Chrono Boost)  
  34  3:44  Probe (Chrono Boost)  
  35  3:50  Gateway  
  35  3:55  Probe (Chrono Boost)  
  36  3:58  Gateway  
  36  4:02  Observer  
  37  4:15  Probe (Chrono Boost)  
  37  4:16  Probe (Chrono Boost)  
  39  4:19  Stalker x2  
  39  4:22  Immortal  
  47  4:34  Probe (Chrono Boost)  
  47  4:35  Probe (Chrono Boost)  
  49  4:42  Twilight Council  
  49  4:46  Sentry  
  49  4:50  Sentry  
  49  4:52  Probe (Chrono Boost)  
  55  4:53  Probe (Chrono Boost)  
  55  5:04  Probe (Chrono Boost)  
  55  5:05  Probe (Chrono Boost)  
  57  5:08  Immortal  
  57  5:12  Pylon  
  61  5:24  Pylon  
  61  5:27  Blink  
  60  5:31  Probe (Chrono Boost)  
  60  5:33  Probe (Chrono Boost)  
  62  5:35  Assimilator  
  62  5:37  Assimilator  
  62  5:42  Probe (Chrono Boost)  
  63  5:45  Probe (Chrono Boost)  
  63  5:47  Pylon  
  61  5:52  Probe (Chrono Boost)  
  54  5:57  Probe (Chrono Boost)  
  54  6:03  Probe (Chrono Boost)  
  52  6:08  Stalker  
  52  6:09  Probe (Chrono Boost)  
  53  6:13  Probe (Chrono Boost)  
  54  6:21  Probe (Chrono Boost)  
  54  6:23  Stalker  
  54  6:24  Mothership Core (Chrono Boost)  
  59  6:26  Stalker  
  62  6:33  Probe (Chrono Boost)  
  62  6:36  Stalker  
  64  6:43  Probe (Chrono Boost)  
  64  6:44  Probe (Chrono Boost)  
  66  6:53  Probe (Chrono Boost)  
  67  6:55  Probe (Chrono Boost)  
  67  6:59  Stalker  
  70  7:04  Probe (Chrono Boost)  
  70  7:05  Probe (Chrono Boost)  
  72  7:14  Probe (Chrono Boost)  
  73  7:16  Probe (Chrono Boost)  
  73  7:22  Templar Archives  
  74  7:25  Probe (Chrono Boost)  
  74  7:26  Probe (Chrono Boost)  
  74  7:27  Pylon  
  72  7:35  Probe (Chrono Boost)  
  72  7:37  Probe (Chrono Boost)  
  73  7:44  Forge  
  73  7:46  Probe (Chrono Boost)  
  71  8:05  Stalker x2  
  71  8:06  Stalker  
  71  8:11  Stalker  
  73  8:19  Probe (Chrono Boost)  
  72  8:22  Probe (Chrono Boost)  
  73  8:30  Probe (Chrono Boost)  
  73  8:31  High Templar  
  73  8:32  High Templar  
  78  8:35  High Templar  
  78  8:36  Gateway, High Templar  
  78  8:37  Gateway  
  82  8:46  Archon  
  80  8:53  Probe (Chrono Boost)  
  77  9:08  Probe (Chrono Boost)  
  77  9:09  High Templar x2  
  82  9:15  Probe (Chrono Boost)  
  83  9:17  Protoss Ground Weapons Level 1  
  83  9:21  Probe (Chrono Boost)  
  84  9:25  Probe (Chrono Boost)  
  84  9:29  Pylon, Nexus  
  86  9:31  Probe (Chrono Boost)  
  86  9:33  Observer  
  86  9:34  Archon  
  86  9:36  Pylon  
  86  9:38  High Templar x2  
  92  9:54  Probe (Chrono Boost)  
  92  10:05  Gateway, Stalker x2  
  92  10:06  Gateway, Stalker  
  98  10:08  Gateway  
  98  10:10  Gateway  
  98  10:12  Pylon  
  98  10:18  High Templar  
  98  10:19  High Templar  
  102  10:41  Probe (Chrono Boost)  
  102  10:42  Probe (Chrono Boost)  
  105  10:43  Probe (Chrono Boost)  
  105  10:52  Probe (Chrono Boost)  
  105  10:55  Probe (Chrono Boost)  
  105  10:57  Gateway  
  105  11:04  Gateway  
  96  11:07  Archon  
  98  11:18  Probe (Chrono Boost)  
  98  11:20  Probe (Chrono Boost)  
  98  11:23  Observer  
  99  11:29  Probe (Chrono Boost)  
  99  11:30  Assimilator  
  99  11:32  Probe (Chrono Boost), Assimilator  
  101  11:35  Psionic Storm  
  101  11:36  Nexus  
  101  11:39  Probe (Chrono Boost)  
  102  11:44  Probe (Chrono Boost)  
  103  11:55  High Templar x3  
  108  12:14  Nexus  
  84  13:01  High Templar x4  
  82  13:27  Stalker x4  
  90  13:36  Probe x2 (Chrono Boost)  
  90  13:37  Probe (Chrono Boost)  
  94  13:41  Observer  
  94  13:46  Probe x2 (Chrono Boost)  
  97  13:49  Probe (Chrono Boost)  
  97  13:57  Probe (Chrono Boost)  
  98  14:10  Nexus  
  98  14:12  Pylon  
  98  14:28  Pylon  
  98  14:30  Probe (Chrono Boost)  
  100  14:31  Stalker  
  100  14:32  Probe (Chrono Boost)  
  100  14:35  Pylon  
  102  14:47  Probe (Chrono Boost)  
  102  14:48  Stalker x3, Probe (Chrono Boost)  
  102  14:52  Pylon  
  111  15:00  Probe (Chrono Boost)  
  102  15:08  Stalker  
  102  15:09  Stalker x3  
  76  15:32  Stalker x3  
  68  16:45  Assimilator  
Show
View Real Time Build Order
Export as new Build Order

llllllllllll Protoss - Winner!

Build Orders: Phoenix Opening 

Get SALT Encoding   

  12  0:01  Probe (Chrono Boost)  
  14  0:14  Probe (Chrono Boost)  
  14  0:25  Probe (Chrono Boost)  
  15  0:29  Pylon  
  15  0:48  Gateway, Probe (Chrono Boost)  
  16  0:51  Assimilator  
  16  0:57  Assimilator  
  16  0:58  Probe (Chrono Boost)  
  17  1:09  Probe (Chrono Boost)  
  18  1:18  Pylon  
  18  1:19  Probe (Chrono Boost)  
  19  1:30  Probe (Chrono Boost)  
  20  1:39  Cybernetics Core  
  20  1:40  Probe (Chrono Boost)  
  20  1:42  Pylon  
  21  1:51  Probe (Chrono Boost)  
  22  2:01  Probe (Chrono Boost)  
  23  2:11  Pylon  
  23  2:12  Probe (Chrono Boost)  
  26  2:29  Mothership Core (Chrono Boost)  
  28  2:32  Stargate  
  26  2:37  Stargate  
  26  2:47  Probe (Chrono Boost)  
  27  2:58  Pylon  
  27  3:15  Phoenix  
  27  3:17  Forge  
  27  3:18  Phoenix  
  31  3:41  Phoenix  
  31  3:46  Phoenix  
  31  3:47  Pylon  
  35  3:56  Photon Cannon  
  35  4:01  Photon Cannon  
  35  4:06  Phoenix  
  37  4:26  Phoenix  
  39  4:38  Nexus  
  39  4:43  Phoenix  
  42  4:53  Probe (Chrono Boost)  
  42  5:05  Phoenix, Probe (Chrono Boost)  
  45  5:11  Pylon  
  45  5:25  Phoenix  
  45  5:35  Pylon  
  47  6:15  Phoenix  
  47  6:19  Phoenix  
  47  6:22  Probe (Chrono Boost)  
  47  6:25  Assimilator  
  52  6:30  Assimilator  
  52  6:33  Probe (Chrono Boost)  
  53  6:43  Probe (Chrono Boost)  
  53  6:45  Photon Cannon  
  53  6:46  Photon Cannon  
  54  6:48  Photon Cannon, Void Ray  
  54  6:50  Pylon  
  55  6:54  Probe (Chrono Boost)  
  59  7:04  Probe (Chrono Boost)  
  60  7:11  Void Ray  
  60  7:15  Probe (Chrono Boost)  
  65  7:23  Stargate  
  65  7:31  Void Ray  
  69  7:41  Probe (Chrono Boost)  
  71  7:51  Probe (Chrono Boost)  
  71  8:02  Probe (Chrono Boost)  
  68  8:13  Void Ray  
  68  8:19  Void Ray  
  74  8:24  Void Ray  
  74  8:26  Probe (Chrono Boost)  
  79  8:37  Probe (Chrono Boost)  
  80  8:47  Probe (Chrono Boost)  
  81  8:58  Probe (Chrono Boost)  
  81  9:02  Void Ray  
  78  9:08  Void Ray  
  82  9:12  Void Ray  
  86  9:25  Stargate  
  86  9:28  Probe (Chrono Boost)  
  87  9:39  Probe (Chrono Boost)  
  88  9:50  Probe (Chrono Boost)  
  89  9:54  Nexus  
  89  9:56  Pylon  
  89  10:03  Pylon  
  89  10:05  Probe (Chrono Boost)  
  90  10:07  Assimilator  
  90  10:09  Assimilator  
  90  10:11  Void Ray  
  90  10:15  Probe (Chrono Boost)  
  95  10:42  Void Ray x2  
  99  11:01  Void Ray  
  99  11:07  Void Ray  
  103  11:25  Void Ray x2  
  111  11:31  Probe (Chrono Boost), Pylon  
  111  11:32  Pylon  
  112  11:34  Pylon  
  112  11:35  Probe (Chrono Boost)  
  113  11:56  Void Ray  
  109  12:02  Void Ray  
  109  12:05  Probe (Chrono Boost)  
  118  12:08  Robotics Facility  
  118  12:15  Probe (Chrono Boost)  
  119  12:18  Robotics Facility  
  119  12:21  Probe (Chrono Boost)  
  120  12:26  Probe (Chrono Boost)  
  106  13:02  Probe (Chrono Boost)  
  106  13:04  Immortal  
  112  13:13  Probe (Chrono Boost)  
  112  13:17  Pylon  
  112  13:40  Immortal  
  116  13:44  Probe (Chrono Boost)  
  117  14:23  Immortal x2  
  104  15:31  Void Ray  
Tags
 
Add a new tag
Caveats
  • Supply blocks, unpowered buildings, or Contaminate may cause inaccurate times.
  • Supply counts are checked every 10 seconds.